 Dungeon Sprint DCSS version bcrawl-1.15.1 (webtiles) character file.

Game seed: 1927221936129653261

8456 Chiseanne the Fetichist (level 11, -5/86 HPs)
             Began as a Demonspawn Archaeologist on Sept 30, 2019.
             Was an Initiate of Gozag.
             Slain by a lorocyproca (7 damage)
             ... in the Dungeon (Sprint I: "Red Sonja").
             The game lasted 00:15:39 (2407 turns).

Chiseanne the Fetichist (Demonspawn Archaeologist)  Turns: 2407, Time: 00:15:40

Health: -5/86      AC: 21    Str: 18    XL:     11   Next: 10%
Magic:  0/24       EV: 15    Int: 15    God:    Gozag
Gold:   59         SH:  3    Dex: 17    Spells: 10/10 levels left

rFire    + + +     SeeInvis .   a - +2 Maxwell's thermic engine {flame, freeze}
rCold    . . .     Gourm    .   (no shield)
rNeg     . . .     Faith    .   p - +2 scale mail {rF+}
rPois    .         Spirit   .   c - +1 hat
rElec    .         Reflect  .   (no cloak)
rCorr    .         Harm     .   i - +2 pair of gloves "Mantam" {*Corrode rF++ Regen+ Dex+3}
MR       .....     NoTele   +   d - +1 pair of boots
Stlth    +.........             (no amulet)
HPRegen  0.64/turn              t - +1 ring of protection
MPRegen  0.19/turn              u - +3 ring of protection

@: mighty
A: talons 2, iridescent scales 1, fire resistance 1, powered by pain 2
a: Potion Petition, Call Merchant, Bribe Branch, Renounce Religion


You were in the Dungeon.
You worshipped Gozag.
Gozag was noncommittal.
You were not hungry.

You visited 1 branch You collected 3279 gold pieces.
You spent 1806 gold pieces at shops.
You paid 1414 gold pieces to Gozag.

Inventory:

Hand Weapons
 a - the +2 Maxwell's thermic engine (weapon) {flame, freeze}

   It has been specially enchanted to burn those struck by it, causing extra
   injury to most foes and up to half again as much damage against particularly
   susceptible opponents.
   Big, fiery blades are also staple armaments of hydra-hunters.
 s - a +2 dagger of electrocution
 w - a +0 blowgun
Missiles
 e - 45 stones (quivered)
 f - 15 curare-tipped needles
 j - 366 poisoned needles
 l - 165 sling bullets
 q - 303 arrows
Armour
 c - a +1 hat (worn)
 d - a +1 pair of boots (worn)
 i - the +2 pair of gloves "Mantam" (worn) {*Corrode rF++ Regen+ Dex+3}
   (You bought it in a shop in the Dungeon)

   It affects your dexterity (+3).
   It greatly protects you from fire.
   It increases your rate of regeneration.
   It may corrode you when you take damage.
 o - a +2 pair of gloves of archery
 p - a +2 scale mail of fire resistance (worn)
Jewellery
 b - a cursed ring of magical power
 t - a +1 ring of protection (left hand)
 u - a +3 ring of protection (right hand)
Wands
 n - a wand of polymorph (3)
Scrolls
 m - a scroll of blinking
 r - 2 scrolls of enchant weapon
Potions
 k - 2 potions of magic
Comestibles
 g - 2 rations {!d}


   Skills:
 - Level 8.2 Fighting
 - Level 11.0 Long Blades
   Level 0.8 Maces & Flails
 - Level 4.2 Armour
 - Level 8.0 Dodging
 - Level 3.0 Stealth
 + Level 19.9 Evocations


You had 10 spell levels left.
You didn't know any spells.
Your spell library was empty.

Dungeon Overview and Level Annotations

Branches:
Dungeon (1/1)

Altars:
Cheibriados
Dithmenos
Elyvilon
Fedhas
Gozag
Hepliaklqana
Kikubaaqudgha
Lugonu
Makhleb
Nemelex Xobeh
Okawaru
Qazlal
Ru
Sif Muna
Trog
Uskayaw
Vehumet
Wu Jian
Xom
Yredelemnul
Zin
The Shining One
Jiyva

Shops:
D =:[(=**[[


Innate Abilities, Weirdness & Mutations

You have razor-sharp toenails.
You are partially covered in iridescent scales. (AC +2)
Your flesh is heat resistant. (rF+)
You sometimes gain power by taking damage.


Message History

You feel your power leaking away.
You slash something! You burn something. You freeze something.
Something hits you.
You feel your power leaking away.
You closely miss something. Something hits you!
* * * LOW HITPOINT WARNING * * *
You focus on the pain.
You feel your power returning.
You feel your power leaking away.
You barely miss something. Something hits you but does no damage.
You hit something but do no damage. Something completely misses you.
You closely miss something. Something hits you but does no damage.
You barely miss something. You hit something but do no damage.
Something hits you!!
* * * LOW HITPOINT WARNING * * *
You focus on the pain.
You feel very mighty all of a sudden.
You feel your power leaking away.
You closely miss something. Something hits you!
You die...
Your body crumbles into a pile of gold.

###################
#__#..'[..#[.#§§§§+ $
$ '..'∩.#.[.##)#§####
$ $
#__####...§..#.#@### $
####§§#####..§.#{#$###
$
#≈§§§§#..##§####^.$#y#
$$$
'§§≈§.§..#...§.#..$###
$
#)≈§..#.§#..°°.+..$$$#
$
##§#####+###°.○#^....#
$ #..).###
$#.○○###++## $
##'###.## $#^^##
.....'[∩# #..# $$


There were no monsters in sight!

Vanquished Creatures
  2 centaur warriors (D)
  A deep troll (D)
  A lindwurm (D)
  8 shining eyes (D)
  A gargoyle (D)
  2 kobold demonologists (D)
  4 demonic crawlers (D)
  A slime creature (D)
  A hornet (D)
  Sigmund (D)
  A spriggan (shapeshifter) (D)
  A yak (D)
  5 floating eyes (D)
  An ogre (D)
  A jelly (D)
  Ijyb (D)
  3 ballistomycetes (D)
  A ballistomycete spore (D)
36 creatures vanquished.

Vanquished Creatures (others)
  A hornet (D)
  A ballistomycete spore (D)
2 creatures vanquished.

Grand Total: 38 creatures vanquished

Notes
Turn   | Place    | Note
-------+----------+-------------------------------------------
     0 | D        | Chiseanne the Demonspawn Archaeologist began the quest for
                  | the Orb.
     0 | D        | Reached XP level 1. HP: 15/15 MP: 1/1
     1 | D        | Noticed Ijyb
     7 | D        | Killed Ijyb
     7 | D        | Gained mutation: You have sharp toenails. [demonic
                  | ancestry]
     7 | D        | Reached XP level 2. HP: 9/25 MP: 2/2
   233 | D        | Noticed an ogre
   237 | D        | Killed an ogre
   237 | D        | Gained mutation: Your flesh is heat resistant. (rF+)
                  | [demonic ancestry]
   237 | D        | Reached XP level 3. HP: 35/35 MP: 3/3
   237 | D        | Reached XP level 4. HP: 41/41 MP: 4/4
   241 | D        | Noticed Sigmund
   246 | D        | Killed Sigmund
   246 | D        | Reached XP level 5. HP: 42/47 MP: 5/5
   272 | D        | Found an ornate altar of the Wu Jian Council.
   272 | D        | Found a shimmering blue altar of Sif Muna.
   274 | D        | Found a radiant altar of Vehumet.
   280 | D        | Gained mutation: You have razor-sharp toenails. [demonic
                  | ancestry]
   280 | D        | Reached XP level 6. HP: 38/53 MP: 6/6
   295 | D        | Found Wooblam's Weapon Emporium.
   295 | D        | Found an ancient bone altar of Kikubaaqudgha.
   295 | D        | Found a hazy altar of Hepliaklqana.
   295 | D        | Found a stormy altar of Qazlal.
   295 | D        | Found a hide-covered altar of Uskayaw.
   295 | D        | Found a blossoming altar of Fedhas.
   295 | D        | Found a bloodstained altar of Trog.
   295 | D        | Found an iron altar of Okawaru.
   295 | D        | Found a basalt altar of Yredelemnul.
   295 | D        | Found a glowing golden altar of the Shining One.
   295 | D        | Found a snail-covered altar of Cheibriados.
   295 | D        | Found a sacrificial altar of Ru.
   295 | D        | Found a glowing silver altar of Zin.
   295 | D        | Found a shadowy altar of Dithmenos.
   295 | D        | Found a white marble altar of Elyvilon.
   295 | D        | Noticed a yak
   296 | D        | Found an opulent altar of Gozag.
   298 | D        | Killed a yak
   299 | D        | Found a sparkling altar of Nemelex Xobeh.
   372 | D        | Became a worshipper of Gozag Ym Sagoz the Greedy
   383 | D        | Noticed Sonja
   387 | D        | Noticed Sonja
   387 | D        | Sonja changed into Sonja the shapeshifter
   388 | D        | Noticed Sonja
   388 | D        | Sonja the shapeshifter changed into Sonja the spriggan
   391 | D        | Killed Sonja the spriggan
   391 | D        | Reached XP level 7. HP: 18/60 MP: 7/7
   708 | D        | Found Azat's Jewellery Boutique.
   716 | D        | Bought a cursed amulet of inaccuracy for 28 gold pieces
   716 | D        | Bought a cursed ring of attention for 63 gold pieces
   854 | D        | Found a viscous altar of Jiyva.
   854 | D        | Found a corrupted altar of Lugonu.
   854 | D        | Noticed a slime creature
   855 | D        | Found a burning altar of Makhleb.
   855 | D        | Found a shimmering altar of Xom.
   860 | D        | Killed a slime creature
   904 | D        | Bought a scroll labeled WIUNYUSYICW for 26 gold pieces
   904 | D        | Bought a scroll labeled ETANON PAEQAG for 26 gold pieces
   904 | D        | Bought a lumpy blue potion for 23 gold pieces
   904 | D        | Bought a sedimented yellow potion for 23 gold pieces
   922 | D        | Noticed a deep troll
   927 | D        | Killed a deep troll
   927 | D        | Reached skill level 8 in Evocations
   927 | D        | Gained mutation: You are partially covered in iridescent
                  | scales. (AC +2) [demonic ancestry]
   927 | D        | Reached XP level 8. HP: 28/68 MP: 7/14
  1097 | D        | Found Tadiatso's Armour Emporium.
  1104 | D        | Bought a +2 scale mail of fire resistance for 210 gold
                  | pieces
  1148 | D        | Bought a scroll of identify for 52 gold pieces
  1171 | D        | Noticed a centaur warrior
  1177 | D        | Noticed a centaur warrior
  1178 | D        | Killed a centaur warrior
  1178 | D        | Reached skill level 11 in Evocations
  1189 | D        | Killed a centaur warrior
  1189 | D        | Reached skill level 13 in Evocations
  1189 | D        | Reached XP level 9. HP: 48/74 MP: 15/19
  1596 | D        | Bought a potion of heal wounds for 130 gold pieces
  1596 | D        | Bought a potion of curing for 78 gold pieces
  1596 | D        | Bought a moonstone ring for 130 gold pieces
  1599 | D        | Bought a ring of protection for 52 gold pieces
  1620 | D        | Noticed a shining eye
  1620 | D        | Noticed a shining eye
  1620 | D        | Noticed a shining eye
  1624 | D        | Paralysed by a floating eye for 4 turns
  1629 | D        | Reached skill level 14 in Evocations
  1643 | D        | Killed a shining eye
  1643 | D        | Reached skill level 15 in Evocations
  1647 | D        | Killed a shining eye
  1647 | D        | Gained mutation: You sometimes gain a little power by
                  | taking damage. [demonic ancestry]
  1647 | D        | Reached XP level 10. HP: 65/72 MP: 19/21
  1666 | D        | Killed a shining eye
  1666 | D        | Reached skill level 16 in Evocations
  1667 | D        | Noticed a shining eye
  1667 | D        | Noticed a shining eye
  1667 | D        | Noticed a shining eye
  1669 | D        | Noticed a shining eye
  1669 | D        | Noticed a shining eye
  1675 | D        | Killed a shining eye
  1677 | D        | Paralysed by a floating eye for 4 turns
  1682 | D        | Killed a shining eye
  1682 | D        | Reached skill level 17 in Evocations
  1688 | D        | Killed a shining eye
  1691 | D        | Killed a shining eye
  1695 | D        | Killed a shining eye
  1695 | D        | Reached skill level 18 in Evocations
  1718 | D        | Found Ciuviric's Jewellery Shop.
  1718 | D        | Found Vikecrat's Book Shoppe.
  1718 | D        | Found Tawno's General Store.
  1718 | D        | Found Uposyete's Antique Armour Emporium.
  1732 | D        | Bought a pair of faintly humming gloves for 209 gold pieces
  1738 | D        | Identified the +2 pair of gloves "Bess" {MP+9 Str-4 Int+2}
                  | (You bought it in a shop in the Dungeon)
  1750 | D        | Bought a pair of glowing gloves for 165 gold pieces
  1762 | D        | Bought 2 scrolls of enchant armour for 195 gold pieces
  1762 | D        | Bought a potion of curing for 39 gold pieces
  1762 | D        | Bought a scroll of identify for 26 gold pieces
  1762 | D        | Bought a potion of berserk rage for 65 gold pieces
  1833 | D        | Noticed a rust devil
  1833 | D        | Paralysed by a floating eye for 3 turns
  1942 | D        | Reached skill level 19 in Evocations
  1947 | D        | HP: 4/80 [demonic crawler (4)]
  1955 | D        | Gained mutation: You sometimes gain power by taking damage.
                  | [demonic ancestry]
  1955 | D        | Reached XP level 11. HP: 14/86 MP: 24/24
  2291 | D        | Noticed a lindwurm
  2299 | D        | Killed a lindwurm
  2343 | D        | Bought a pair of twisted gloves for 266 gold pieces
  2354 | D        | Identified the +2 pair of gloves "Mantam" {*Corrode rF++
                  | Regen+ Dex+3} (You bought it in a shop in the Dungeon)
  2406 | D        | HP: 1/86 [something (22)]
  2407 | D        | Slain by a lorocyproca

Skill      XL: |  1  2  3  4  5  6  7  8  9 10 |
---------------+-------------------------------+-----
Fighting       | 4 6 7 8 |  8.2
Dodging        | 4 6 7 8 |  8.0
Long Blades    | 8 9 11 | 11.0
Armour         | 2 4 |  4.2
Evocations     | 8 13 15 19 | 19.9
Maces & Flails | |  0.8
Stealth        | |  3.0

Action                   |  1- 3 |  4- 6 |  7- 9 | 10-12 || total
-------------------------+-------+-------+-------+-------++-------
Melee: Whip              |     3 |       |       |       ||     3
       Dagger            |     3 |    10 |       |    12 ||    25
       Double sword      |       |     4 |    53 |    76 ||   133
Invok: Call Merchant     |       |       |     1 |     1 ||     2
       Potion Petition   |       |       |       |     2 ||     2
Evoke: Wand              |       |     2 |       |       ||     2
  Use: Potion            |     2 |       |       |     9 ||    11
       Scroll            |       |       |     4 |     4 ||     8
 Stab: Sleeping          |       |     2 |     1 |       ||     3
       Distracted        |       |       |     1 |       ||     1
       Invisible         |       |       |       |     1 ||     1
  Eat: Ration            |       |       |     1 |     1 ||     2
Armor: Robe              |       |     1 |       |       ||     1
       Scale mail        |       |       |    11 |    70 ||    81
Dodge: Dodged            |     1 |     3 |    16 |   106 ||   126
Block: Other             |       |     1 |     2 |    16 ||    19
